 Dungeon Crawl Stone Soup version 0.22.0-60-ga52c2fc (console) character file.

270 bli the Shield-Bearer (level 6, -2/49 HPs)
             Began as a Formicid Fighter on Sept 9, 2018.
             Was a Follower of Wu Jian.
             Slain by an ogre
             ... wielding a +0 giant club
              (8 damage)
             ... on level 4 of the Dungeon.
             The game lasted 00:12:50 (2325 turns).

bli the Shield-Bearer (Formicid Fighter)            Turns: 2325, Time: 00:12:51

Health: -2/49      AC:  7    Str: 21    XL:     6   Next: 47%
Magic:  6/6        EV: 11    Int:  7    God:    Wu Jian [*.....]
Gold:   102        SH:  5    Dex: 12    Spells: 5/5 levels left

rFire    . . .     SeeInvis +   a - +0 war axe
rCold    . . .     Gourm    .   g - +0 buckler
rNeg     . . .     Faith    .   y - +0 ring mail
rPois    .         Spirit   .   (helmet unavailable)
rElec    .         Reflect  .   x - +0 cloak {+Inv}
rCorr    .         Harm     .   (no gloves)
MR       .....                  (no boots)
Stlth    +.........             (no amulet)
HPRegen  0.16/turn              A - ring of flight
MPRegen  0.10/turn              (no ring)

@: no status effects
A: permanent stasis, dig shafts and tunnels, four strong arms, antennae 3
a: Dig, Shaft Self, Renounce Religion, Evoke Invisibility, Evoke Flight


You were on level 4 of the Dungeon.
You worshipped Wu Jian.
Wu Jian was aware of your devotion.
You were not hungry.

You visited 1 branch of the dungeon, and saw 4 of its levels.

You collected 102 gold pieces.

Inventory:

Hand Weapons
 a - a +0 war axe (weapon)
 w - a +4 quarterstaff of chaos
Armour
 b - a +0 scale mail
 c - a +0 shield
 g - a +0 buckler (worn)
 p - a +0 leather armour
 q - a +0 chain mail
 x - a +0 cloak of invisibility (worn)
 y - a +0 ring mail (worn)
Jewellery
 A - a ring of flight (left hand)
Scrolls
 e - 3 scrolls of teleportation {unknown}
 k - 3 scrolls of identify {unknown}
 m - 2 scrolls of blinking {unknown}
 n - a scroll of fear {unknown}
 z - a scroll of enchant armour {unknown}
Potions
 d - a potion of might
 h - a potion of curing {unknown}
 i - 2 potions of lignification {unknown}
 j - a potion of brilliance {unknown}
 o - a potion of degeneration {unknown}
 r - a potion of agility {unknown}
 s - a potion of cancellation {unknown}
 t - 2 potions of flight {unknown}
 u - a potion of heal wounds {unknown}
 v - a potion of haste {unknown}
Comestibles
 f - 6 rations


   Skills:
 * Level 4.4 Fighting
 + Level 3.8 Axes
 + Level 4.0 Armour
 + Level 1.2 Dodging
 + Level 5.2 Shields


You had 5 spell levels left.
You didn't know any spells.
Your spell library was empty.

Dungeon Overview and Level Annotations

Branches:
Dungeon (4/15)
 Temple: D:4-7

Altars:
Fedhas
Gozag
Qazlal
Trog
Wu Jian


Innate Abilities, Weirdness & Mutations

You cannot be hasted, slowed, berserked, paralysed or teleported.
You can dig through walls and to a lower floor.
Your four strong arms can wield two-handed weapons with a shield.
You have a pair of large antennae on your head. (SInv)


Message History

There is a stone staircase leading down here.
You climb downwards.
An ogre comes into view. It is wielding a giant club.
Found an escape hatch in the ceiling.
Found a stone staircase leading down.
There is a stone staircase leading up here.
You barely miss the ogre. The ogre hits you with a giant club.
You slash the ogre!
The ogre is moderately wounded.
The ogre hits you with a giant club!!
You hit the ogre.
The ogre is heavily wounded.
The ogre hits you with a giant club.
You slash the ogre!
The ogre is almost dead.
The ogre hits you with a giant club!
* * * LOW HITPOINT WARNING * * *
You hit the ogre.
The ogre is almost dead.
The ogre hits you with a giant club!
You die...

#... #..#
<... #
#..# ..
##..# .#
#...# ..#
#...#...#
#.@...#
#.O#.##
#..# .#
#.># ..
#..# .#
.... ..
##... #
#...
#..##


You could see an ogre.

Vanquished Creatures
  A bullfrog (D:2)
  An orc priest (D:3)
  Crazy Yiuf (D:2)
  An orc wizard (D:3)
  3 gnolls (D:3)
  4 adders
  An ooze (D:1)
  2 worms
  3 orcs (D:3)
  A ball python (D:2)
  6 bats
  4 giant cockroaches
  4 goblins
  4 hobgoblins
  2 jackals (D:1)
  4 kobolds
  A quokka (D:3)
  5 frilled lizards
  6 rats
54 creatures vanquished.

Vanquished Creatures (others)
  2 plants (D:2)
2 creatures vanquished.

Grand Total: 56 creatures vanquished

Notes
Turn   | Place    | Note
-------+----------+-------------------------------------------
     0 | D:1      | bli the Formicid Fighter began the quest for the Orb.
     0 | D:1      | Reached XP level 1. HP: 18/18 MP: 1/1
   113 | D:1      | Reached skill level 4 in Shields
   113 | D:1      | Reached XP level 2. HP: 23/24 MP: 2/2
   353 | D:1      | Reached XP level 3. HP: 22/29 MP: 3/3
   815 | D:2      | Noticed a bullfrog
   822 | D:2      | Killed a bullfrog
   822 | D:2      | Reached skill level 5 in Shields
   822 | D:2      | Reached XP level 4. HP: 8/37 MP: 4/4
   822 | D:2      | Reached XP level 5. HP: 10/42 MP: 5/5
  1156 | D:2      | Found an ornate altar of the Wu Jian Council.
  1158 | D:2      | Found an opulent altar of Gozag.
  1160 | D:2      | Found a stormy altar of Qazlal.
  1160 | D:2      | Found a blossoming altar of Fedhas.
  1161 | D:2      | Found a bloodstained altar of Trog.
  1164 | D:2      | Became a worshipper of the Wu Jian Council
  1383 | D:2      | Found a runed door.
  1387 | D:2      | Noticed Crazy Yiuf
  1396 | D:2      | Killed Crazy Yiuf
  1657 | D:3      | Reached skill level 1 in Dodging
  1657 | D:3      | Reached XP level 6. HP: 47/48 MP: 6/6
  2019 | D:3      | Reached * piety under Wu Jian
  2319 | D:4      | Noticed an ogre
  2325 | D:4      | Slain by an ogre

Skill      XL: |  1  2  3  4  5  6 |
---------------+-------------------+-----
Shields        | 4 5 |  5.2
Axes           | 3 |  3.8
Fighting       | 4 |  4.4
Dodging        | 1 |  1.2
Armour         | 4 |  4.0

Action                   |  1- 3 |  4- 6 || total
-------------------------+-------+-------++-------
Melee: War axe           |    38 |   158 ||   196
       Hand axe          |   125 |       ||   125
Invok: Lunge             |       |    10 ||    10
       Whirlwind         |       |     1 ||     1
 Abil: Dig               |       |     1 ||     1
  Use: Scroll            |       |     1 ||     1
  Eat: Chunk             |       |     5 ||     5
Armor: Scale mail        |    37 |       ||    37
       Leather armour    |    14 |    21 ||    35
       Ring mail         |       |    36 ||    36
Dodge: Dodged            |    49 |   109 ||   158
Block: Shield            |    11 |       ||    11
       Buckler           |    29 |    37 ||    66
